 Dungeon Crawl Stone Soup version 0.31-a0-152-g6aa68a64a1 (webtiles) character file.

Game seed: 6625039303127317382

37 qw the Chopper (level 3, -2/23 HPs)
             Began as a Gargoyle Fighter on June 10, 2023.
             Slain by Robin
             ... wielding a +0 spear
              (3 damage)
             ... on level 2 of the Dungeon.
             The game lasted 00:00:25 (825 turns).

qw the Chopper (Gargoyle Fighter)                    Turns: 825, Time: 00:00:25

Health: -2/23      AC: 10    Str: 21    XL:     3   Next: 41%
Magic:  3/3        EV:  9    Int:  8    God:
Gold:   47         SH:  4    Dex:  9    Spells: 2/2 levels left

rFire   . . .        Y - +0 war axe
rCold   . . .        c - +0 buckler
rNeg    + . .        b - +0 scale mail
rPois   inf          (no helmet)
rElec   +            (no cloak)
rCorr   .            (no gloves)
SInv    .            (no boots)
Will    .....        (no amulet) Stlth
                     (no ring)
HPRegen 0.23/turn    (no ring)
MPRegen 0.08/turn

%: no passive effects
@: no status effects
A: sickness immunity, AC +3, negative energy resistance 1, electricity
resistance, torment resistance 1, petrification resistance
a: no special abilities


You were on level 2 of the Dungeon.
You visited 1 branch of the dungeon, and saw 2 of its levels.

You collected 47 gold pieces.


Innate Abilities, Weirdness & Mutations

You are immune to sickness and miasma.
Your stone body is resilient. (AC +3)
You are immune to poison.
You resist negative energy. (rN+)
You are resistant to electric shocks. (rElec)
You are resistant to unholy torment.
You are immune to petrification.


   Skills:
 - Level 3.2 Fighting
 + Level 3.4 Axes
 - Level 3.2 Armour
 - Level 3.2 Shields


You had 2 spell levels left.
You didn't know any spells.
Your spell library was empty.

Inventory:

Hand Weapons
 g - a +0 whip
 Y - a +0 war axe (weapon)
Armour
 b - a +0 scale mail (worn)
 c - a +0 buckler (worn)
Potions
 d - a potion of might
 k - a potion of invisibility {unknown}

Dungeon Overview and Level Annotations

Branches:
Dungeon (2/15)

Altars:

Shops:
D:1 ?

Annotations:
D:2 Robin


Message History

The hobgoblin barely misses you. The goblin hits you but does no damage.
Robin hits you but does no damage. The goblin hits you with a +0 club.
The goblin hits you but does no damage. x2
You hit the hobgoblin.
You kill the hobgoblin!
You miss the goblin. You closely miss the goblin. x2
You barely miss the hobgoblin. You slash the goblin!
You kill the goblin!
The hobgoblin completely misses you. Robin throws the goblin at you!
The goblin barely misses you. You block the goblin's attack.
The goblin hits you but does no damage. The hobgoblin closely misses you.
Robin throws the goblin at you! The goblin hits you with a +0 club. x3
The giant cockroach bites you but does no damage.
You hit the goblin but do no damage. You barely miss the goblin.
You hit the goblin.
You kill the goblin!
You hit the giant cockroach. You hit the hobgoblin.
You kill the hobgoblin!
You block the giant cockroach's attack. The goblin hits you but does no damage.
You block the goblin's attack. Robin closely misses you.
You hit the giant cockroach.
You kill the giant cockroach!
You slash the goblin!
You kill the goblin!
You closely miss the goblin. Robin hits you but does no damage.
The goblin hits you but does no damage. x2
You block Robin's attack.
You closely miss the goblin. You block Robin's attack.
The goblin hits you with a +0 club.
You hit the goblin.
You kill the goblin!
You block Robin's attack. Robin hits you with a +0 spear.
Things that are here:
a +0 dagger; a +0 club You barely miss Robin.
Robin completely misses you. Robin hits you but does no damage.
You hit Robin but do no damage. Robin hits you with a +0 spear.
You die...

####.##..
.........
#......# #
########...... ..
.........>..##...
...............#
..$.....%)....#
.......).@g...#
.......<)%...##
.............#
...#.........# ..
#.........#
#.........#
###.#####..# #.
#.# .. .#


You could see Robin.

Vanquished Creatures
  A dart slug (D:1)
  3 giant cockroaches
  10 goblins
  5 hobgoblins
  A quokka (D:1)
  5 ball pythons
  A frilled lizard (D:1)
  2 kobolds (D:1)
  4 rats (D:1)
32 creatures vanquished.

Notes
Turn   | Place    | Note
-------+----------+-------------------------------------------
     0 | D:1      | qw the Gargoyle Fighter began the quest for the Orb.
     0 | D:1      | Reached XP level 1. HP: 14/14 MP: 1/1
     0 | D:1      | 0 ||| qw: Version: 0.2-a-29-g8b02136
     0 | D:1      | 0 ||| qw: Game counter: 3820
     0 | D:1      | 0 ||| qw: Always use a shield: true
     0 | D:1      | 0 ||| qw: God list: Okawaru
     0 | D:1      | 0 ||| qw: Allow faded altars: false
     0 | D:1      | 0 ||| qw: Do Orc after D:15 true
     0 | D:1      | 0 ||| qw: Do second Lair branch before Depths: true
     0 | D:1      | 0 ||| qw: Lair rune preference: random
     0 | D:1      | 0 ||| qw: Plans: Normal, Zot:1-4, Slime:5, God:TSO, Crypt,
                  | Tomb, Abyss, Pan, Hells, Win
     0 | D:1      | 0 ||| PLANNING D:1-11
   305 | D:1      | 305 ||| Stepping ~*~*~tactically~*~*~ (stealth).
   307 | D:1      | Found Elaug's Magic Scroll Shop.
   319 | D:1      | Reached XP level 2. HP: 14/19 MP: 2/2
   349 | D:1      | 349 ||| SHOPLISTING scroll of enchant weapon (75 gold, have
                  | 9).
   349 | D:1      | 349 ||| SHOPLISTING scroll of identify (20 gold, have 9).
   776 | D:1      | 776 ||| READING 2 scrolls labelled KEG WOODDETU.
   777 | D:1      | 777 ||| READING scroll labelled BAICWI JUMUEPH.
   781 | D:1      | 781 ||| READING scroll labelled QIELYSTR BYFEIH.
   782 | D:1      | 782 ||| READING scroll labelled LOUJAINAPT.
   783 | D:1      | 783 ||| READING scroll labelled YCYL JUBEMNY.
   784 | D:1      | 784 ||| DROPPING scroll of immolation.
   811 | D:2      | Noticed Robin
   815 | D:2      | Reached skill level 3 in Axes
   816 | D:2      | Reached XP level 3. HP: 16/23 MP: 3/3
   818 | D:2      | HP: 1/23 [goblin/+0 club[Robin] (5)]
   823 | D:2      | HP: 1/23 [Robin/+0 spear (1)]
   825 | D:2      | Slain by Robin

Levels and vault maps discovered:
D:1:      minmay_arrival_loop, layout_basic, serial_shops, nicolae_diamond_shop
D:2:      layout_rooms, ebering_ecumenical_altar_rust, serial_shops, shop,
          amcnicky_mini_corridor_feature, uniq_robin

Skill      XL: |  1  2 |
---------------+-------+-----
Axes           | 2 3 |  3.4
Fighting       | |  3.2
Armour         | |  3.2
Shields        | |  3.2

Action                     || total
---------------------------++-------
  Melee: War axe           ||    59
    Use: Scroll            ||     5
 Armour: Scale mail        ||    48
  Dodge: Dodged            ||    37
  Block: Buckler           ||    18

Table legend:
 A = Non-vault XP
 B = Vault XP
 C = Vault XP percentage of total XP
 D = Non-vault monster count
 E = Vault monster count
 F = Vault count percentage of total count
                 A         B        C        D         E       F
            +---------+---------+-------+---------+---------+-------
      Total |      33 |      21 |  38.9 |      21 |      11 |  34.4
            +---------+---------+-------+---------+---------+-------
        D:1 |      28 |       0 |   0.0 |      18 |       0 |   0.0
        D:2 |       5 |      21 |  80.8 |       3 |      11 |  78.6
            +---------+---------+-------+---------+---------+-------
